Map: Lost and Found LE

Players

Crow

  • Race: Zerg Zerg
  • Spawn Location: 1:00

NoRegreT - Winner!

  • Race: Zerg Zerg
  • Spawn Location: 7:00

Event: WCS Montreal 2018

VOD

Have the link to the VOD?

Description

Time

  • Played on: Sept. 7, 2018, 12:16 p.m.
  • Length: 6:04

All games in this series

Show
View Real Time Build Order
Export as new Build Order

Crow Zerg 

Build Orders: Hatch First 

Get SALT Encoding   

  12  0:00  Drone  
  13  0:12  Overlord  
  13  0:17  Drone  
  14  0:30  Drone x2  
  16  0:47  Hatchery  
  15  0:52  Drone  
  15  0:54  Drone  
  17  1:09  Spawning Pool  
  16  1:12  Extractor  
  16  1:13  Drone  
  16  1:16  Drone  
  17  1:20  Drone  
  18  1:30  Drone  
  19  1:41  Overlord  
  19  1:56  Drone, Queen  
  19  1:59  Queen  
  19  2:00  Zergling x4  
  26  2:10  Drone  
  26  2:11  Drone  
  26  2:12  Metabolic Boost  
  28  2:21  Drone x2  
  30  2:37  Hatchery  
  30  2:43  Drone, Baneling Nest  
  29  2:47  Overlord  
  29  2:50  Zergling x2  
  30  2:53  Zergling x2  
  30  2:56  Zergling x2  
  32  2:59  Drone  
  33  3:06  Drone x3  
  33  3:09  Zergling x2  
  37  3:16  Drone x3  
  40  3:23  Overlord  
  40  3:26  Baneling x2  
  40  3:27  Baneling  
  40  3:29  Zergling x4  
  42  3:35  Queen  
  42  3:38  Overlord  
  44  3:45  Zergling x8  
  48  3:51  Zergling x6  
  50  3:57  Zergling x4  
  47  4:07  Zergling x6  
  38  4:18  Zergling x2  
  38  4:20  Zergling x2  
  40  4:27  Baneling x2  
  33  4:47  Zergling x12  
  33  4:48  Zergling x2  
  33  4:52  Zergling x2  
  39  4:53  Zergling x6  
  39  5:01  Zergling x6  
  42  5:13  Zergling x10  
  44  5:16  Zergling x4  
  44  5:21  Zergling x2  
  46  5:27  Zergling x6  
  49  5:33  Baneling  
  49  5:35  Zergling x2  
  50  5:41  Zergling x6  
  53  5:47  Baneling  
Show
View Real Time Build Order
Export as new Build Order

NoRegreT Zerg - Winner!

Build Orders: Hatch First, Zergling Baneling 

Get SALT Encoding   

  12  0:00  Drone  
  13  0:12  Overlord  
  13  0:18  Drone  
  14  0:31  Drone x2  
  14  0:35  Drone  
  17  0:51  Hatchery  
  17  0:55  Extractor  
  15  0:57  Drone  
  16  1:13  Spawning Pool  
  16  1:14  Drone  
  16  1:19  Drone  
  16  1:23  Drone  
  18  1:32  Drone  
  19  1:39  Overlord  
  19  1:51  Drone  
  20  1:59  Queen  
  20  2:00  Metabolic Boost  
  22  2:03  Drone  
  22  2:08  Queen  
  25  2:12  Zergling x2  
  25  2:15  Zergling x2  
  27  2:18  Drone  
  28  2:24  Drone  
  28  2:25  Drone  
  30  2:33  Drone  
  31  2:41  Zergling x2  
  32  2:46  Hatchery  
  32  2:47  Zergling x2  
  32  2:53  Baneling Nest  
  32  2:55  Zergling x2  
  32  2:58  Zergling x2  
  33  3:00  Zergling x2  
  33  3:05  Zergling x2  
  35  3:07  Zergling x2  
  35  3:12  Extractor, Zergling x2  
  36  3:36  Baneling x4  
  36  3:38  Overlord  
  36  3:39  Overlord  
  36  3:51  Baneling  
  34  3:56  Zergling x4  
  34  3:57  Zergling x10  
  34  3:58  Zergling x4  
  34  3:59  Zergling x4  
  42  4:05  Zergling x2  
  42  4:09  Queen  
  43  4:11  Zergling x2  
  43  4:13  Zergling x4  
  43  4:15  Baneling  
  43  4:16  Baneling  
  43  4:20  Drone x2  
  45  4:25  Zergling x2  
  45  4:27  Baneling  
  45  4:31  Zergling x4  
  48  4:38  Zergling x2  
  47  4:40  Zergling x2  
  47  4:42  Zergling x2  
  47  4:45  Zergling x2  
  45  4:47  Zergling x4  
  45  4:48  Zergling x2  
  45  4:50  Zergling x2  
  48  4:53  Zergling x2  
  48  4:55  Zergling x2  
  47  5:01  Zergling x4  
  47  5:02  Zergling x2  
  47  5:05  Zergling x2  
  51  5:07  Zergling x2  
  51  5:10  Zergling x2  
  51  5:14  Zergling x2  
  51  5:19  Baneling  
  51  5:20  Baneling x2  
  51  5:22  Zergling x2  
  51  5:26  Zergling x4, Baneling  
  51  5:27  Zergling x2  
  55  5:28  Zergling x2  
  55  5:32  Zergling x2  
  57  5:38  Baneling  
  57  5:39  Zergling x2  
Tags
 
Add a new tag
Caveats
  • Supply blocks, unpowered buildings, or Contaminate may cause inaccurate times.
  • Supply counts are checked every 10 seconds.